 Dungeon Crawl Stone Soup version 0.31-a0-150-g89dc3ad700 (webtiles) character file.

Game seed: 11995790552773066042

184 zazu2006 the Magician (level 5, -2/41 HPs)
             Began as a Gnoll Wanderer on June 8, 2023.
             Slain by Duvessa
             ... wielding a +0 short sword
              (9 damage)
             ... on level 4 of the Dungeon.
             The game lasted 00:09:53 (4433 turns).

zazu2006 the Magician (Gnoll Wanderer)              Turns: 4433, Time: 00:09:54

Health: -2/41      AC:  3    Str: 10    XL:     5   Next: 63%
Magic:  1/14       EV: 12    Int: 12    God:
Gold:   148        SH:  7    Dex: 14    Spells: 14/18 levels left

rFire   . . .        n - +1 dagger (speed)
rCold   . . .        e - +2 buckler
rNeg    . . .        d - +0 robe
rPois   .            (no helmet)
rElec   .            b - +0 cloak
rCorr   .            (no gloves)
SInv    .            (no boots)
Will    +....        (no amulet)
Stlth   ++           l - ring of willpower
HPRegen 0.26/turn    (no ring)
MPRegen 0.14/turn

%: no passive effects
@: very slightly contaminated
A: fangs 1, strong nose, distributed training
a: no special abilities


You were on level 4 of the Dungeon.
You visited 1 branch of the dungeon, and saw 4 of its levels.

You collected 148 gold pieces.

Inventory:

Hand Weapons
 n - a +1 dagger of speed (weapon)
Missiles
 q - 2 boomerangs (quivered)
Armour
 b - a +0 cloak (worn)
 d - a +0 robe (worn)
 e - a +2 buckler (worn)
Jewellery
 l - a ring of willpower (left hand)
Wands
 r - a wand of digging (9)
Scrolls
 a - a scroll of identify {unknown}
 f - a scroll of amnesia {unknown}
 g - 2 scrolls of vulnerability {unknown}
 j - 2 scrolls of poison {unknown}
 k - a scroll of fear {unknown}
 p - a scroll of magic mapping {unknown}
Potions
 c - 3 potions of curing
 h - 2 potions of attraction {unknown}
 i - a potion of degeneration {unknown}
 m - a potion of lignification {unknown}
 o - a potion of might {unknown}


   Skills:
 + Level 3.1 Fighting
 + Level 1.6 Short Blades
 + Level 1.6 Long Blades
 + Level 1.6 Axes
 + Level 1.6 Maces & Flails
 + Level 1.6 Polearms
 + Level 1.6 Staves
 + Level 1.6 Ranged Weapons
 + Level 3.1 Throwing
 + Level 1.6 Armour
 + Level 3.1 Dodging
 + Level 1.6 Stealth
 + Level 4.8 Shields
 + Level 1.6 Unarmed Combat
 + Level 7.3 Spellcasting
 + Level 1.3 Conjurations
 + Level 1.3 Hexes
 + Level 1.3 Summonings
 + Level 1.3 Necromancy
 + Level 1.3 Translocations
 + Level 1.3 Transmutations
 + Level 1.3 Fire Magic
 + Level 1.3 Ice Magic
 + Level 1.3 Air Magic
 + Level 1.3 Earth Magic
 + Level 1.3 Poison Magic
 + Level 3.2 Invocations
 + Level 3.1 Evocations


You had 14 spell levels left.
You knew the following spells:

 Your Spells              Type           Power      Damage    Failure   Level
a - Shock                 Conj/Air       28%        1d4       13%         1
b - Mephitic Cloud        Conj/Pois/Air  7%         N/A       36%         3

Your spell library contained the following spells:

 Spells                   Type           Power      Damage    Failure   Level
 Dazzling Flash           Conj/Hex       14%        N/A       36%         3
 Inner Flame              Hex/Fire       7%         N/A       36%         3
 Volatile Blastmotes      Fire/Tloc      14%        2d11      36%         3
 Iskenderun's Mystic Bla  Conj/Tloc      7%         2d4       77%         4
 Fireball                 Conj/Fire      3%         3d4       98%         5
 Iskenderun's Battlesphe  Conj           7%         2d6       98%         5
 Summon Forest            Summ/Tloc      3%         N/A       98%         5
 Summon Mana Viper        Hex/Summ       7%         N/A       98%         5
 Yara's Violent Unravell  Hex/Tmut       3%         3d4       98%         5
 Conjure Ball Lightning   Conj/Air       3%         3x3d6     100%        6
 Starburst                Conj/Fire      3%         6d3       100%        6
 Summon Cactus Giant      Summ           3%         N/A       100%        6
 Enfeeble                 Hex            3%         N/A       100%        7
 Orb of Destruction       Conj           3%         9d5       100%        7


Dungeon Overview and Level Annotations

Branches:
Dungeon (4/15)
 Temple: D:4-7

Altars:
Qazlal

Shops:
D:2 !

Annotations:
D:4 1 runed translucent door, Duvessa; Grinder; samgaumpmail's ghost, amateur OpTm


Innate Abilities, Weirdness & Mutations

You have very sharp teeth.
Your uncanny sense of smell can sniff out nearby items.
Your experience applies equally to all skills.


Message History

You barely miss Duvessa.
Duvessa is heavily wounded.
You catch the helpless Duvessa completely off-guard!
You hit Duvessa.
Duvessa is severely wounded.
Duvessa closely misses you.
You catch the helpless Duvessa completely off-guard!
You hit Duvessa.
Duvessa is severely wounded.
Duvessa seems less confused.
Duvessa closely misses you.
Casting: Shock (safe; 13% risk of failure)
Confirm with . or Enter, or press ? or * to list all spells.
The spell is quite dangerous to miscast (36% risk of failure)!
Continue anyway?
Aiming: Mephitic Cloud (quite dangerous; 36% risk of failure)
Press: ? - help, Shift-Dir - straight line, f/p - Duvessa
Aim: Duvessa, wielding a +0 short sword, wearing a +0 ring mail and carrying a wand of flame (7) (severely wounded, berserk, chance to affect: 81%) That beam is likely to hit you.
Continue anyway?
You miscast Mephitic Cloud.
You are very lightly contaminated with residual magic.
Nothing appears to happen.
You block Duvessa's attack.
Unknown command.
You barely miss Duvessa.
Duvessa is severely wounded.
You block Duvessa's attack.
You closely miss Duvessa. You bite Duvessa, but do no damage.
Duvessa is severely wounded.
Duvessa hits you with a +0 short sword. Duvessa hits you but does no damage.
Okay, then.
Okay, then.
You hit Duvessa but do no damage.
Duvessa is severely wounded.
Duvessa hits you with a +0 short sword!
You hit Duvessa.
Duvessa is severely wounded.
Duvessa hits you with a +0 short sword! Duvessa attacks as you move away!
Duvessa hits you with a +0 short sword!
* * * LOW HITPOINT WARNING * * *
Duvessa hits you with a +0 short sword!
You die...

...............####.#.#..#.#
.....#######.#.# #.#.#..#.#
.....# #.....|####.#.####.#
.....# #......†....# .....#
#.....#######
.....####............
###.......>...##########
..............##.......#
###...........##@#####
#........#####e#...#
#........# #.....#
#...)....# #.....#
#####†########.....#
#................#
#................#
#............#.#.# .#
#............#.#.#+#.##


You could see Duvessa (berserk).

Vanquished Creatures
  Dowan (D:4)
  A sleepcap (D:4)
  2 adders
  2 worms (D:2)
  2 dart slugs (D:2)
  7 orcs
  9 endoplasms
  5 giant cockroaches
  9 goblins
  5 hobgoblins
  3 jackals (D:4)
  2 quokkas
  3 ball pythons
  5 bats
  4 frilled lizards
  8 kobolds
  6 rats
74 creatures vanquished.

Notes
Turn   | Place    | Note
-------+----------+-------------------------------------------
     0 | D:1      | zazu2006 the Gnoll Wanderer began the quest for the Orb.
     0 | D:1      | zazu2006 set off with the following items: a +0 dagger, a
                  | +0 cloak, a potion of curing, a +0 robe, a +2 buckler; and
                  | the following spell memorised: Shock; and the following
                  | spells available to memorise: Mephitic Cloud.
     0 | D:1      | Reached XP level 1. HP: 17/17 MP: 8/8
   245 | D:1      | Reached XP level 2. HP: 15/23 MP: 5/10
  1012 | D:2      | Reached XP level 3. HP: 28/28 MP: 7/11
  1413 | D:2      | Found a stormy altar of Qazlal.
  1703 | D:2      | Learned a level 3 spell: Mephitic Cloud
  1715 | D:2      | Reached skill level 1 in Short Blades
  1715 | D:2      | Reached skill level 1 in Long Blades
  1715 | D:2      | Reached skill level 1 in Axes
  1715 | D:2      | Reached skill level 1 in Maces & Flails
  1715 | D:2      | Reached skill level 1 in Polearms
  1715 | D:2      | Reached skill level 1 in Staves
  1715 | D:2      | Reached skill level 1 in Ranged Weapons
  1715 | D:2      | Reached skill level 1 in Armour
  1715 | D:2      | Reached skill level 1 in Stealth
  1715 | D:2      | Reached skill level 1 in Unarmed Combat
  2010 | D:2      | Found Uteprys's Distillery.
  2236 | D:3      | Reached XP level 4. HP: 29/34 MP: 3/13
  2804 | D:3      | Found a faded altar of an unknown god.
  2943 | D:3      | Reached skill level 1 in Conjurations
  2943 | D:3      | Reached skill level 1 in Hexes
  2943 | D:3      | Reached skill level 1 in Summonings
  2943 | D:3      | Reached skill level 1 in Necromancy
  2943 | D:3      | Reached skill level 1 in Translocations
  2943 | D:3      | Reached skill level 1 in Transmutations
  2943 | D:3      | Reached skill level 1 in Fire Magic
  2943 | D:3      | Reached skill level 1 in Ice Magic
  2943 | D:3      | Reached skill level 1 in Air Magic
  2943 | D:3      | Reached skill level 1 in Earth Magic
  2943 | D:3      | Reached skill level 1 in Poison Magic
  3523 | D:4      | Noticed samgaumpmail's ghost (amateur OpTm)
  3523 | D:4      | Found a runed translucent door.
  3532 | D:4      | Noticed Grinder
  3630 | D:4      | Noticed Duvessa
  3633 | D:4      | Noticed Dowan
  3886 | D:4      | Reached XP level 5. HP: 25/40 MP: 14/14
  4038 | D:4      | Killed Dowan
  4433 | D:4      | Slain by Duvessa

Illustrated notes

Levels and vault maps discovered:
D:1:      lightli_arrival_boilingwater, layout_basic, minmay_misc_feat_chi
D:2:      layout_loops_ring, basic_altar, serial_shops,
          nicolae_shop_temple_entry_statues_fountains, minmay_curled_crystal,
          st_stairs_14, nicolae_wormholes
D:3:      minmay_door_path, layout_basic, ebering_ecumenical_altar_rust
D:4:      layout_basic, hellmonk_ghost_happy_afterlife, uniq_grinder,
          uniq_duvessa

Skill      XL: |  1  2  3  4  5 |
---------------+----------------+-----
Short Blades   | 1 |  1.6
Long Blades    | 1 |  1.6
Axes           | 1 |  1.6
Maces & Flails | 1 |  1.6
Polearms       | 1 |  1.6
Staves         | 1 |  1.6
Ranged Weapons | 1 |  1.6
Armour         | 1 |  1.6
Stealth        | 1 |  1.6
Unarmed Combat | 1 |  1.6
Conjurations   | 1 |  1.3
Hexes          | 1 |  1.3
Summonings     | 1 |  1.3
Necromancy     | 1 |  1.3
Translocations | 1 |  1.3
Transmutations | 1 |  1.3
Fire Magic     | 1 |  1.3
Ice Magic      | 1 |  1.3
Air Magic      | 1 |  1.3
Earth Magic    | 1 |  1.3
Poison Magic   | 1 |  1.3
Invocations    | 3 |  3.2
Fighting       | 3 |  3.1
Throwing       | 3 |  3.1
Dodging        | 3 |  3.1
Evocations     | 3 |  3.1
Shields        | |  4.8
Spellcasting   | |  7.3

Action                     |  1- 3 |  4- 6 || total
---------------------------+-------+-------++-------
  Melee: Dagger            |    51 |   116 ||   167
         Bite              |     5 |    12 ||    17
  Throw: Boomerang         |       |     5 ||     5
   Cast: Shock             |   105 |    62 ||   167
         Mephitic Cloud    |       |     3 ||     3
   Stab: Confused          |       |     3 ||     3
 Armour: Robe              |    13 |    13 ||    26
  Dodge: Dodged            |    26 |    54 ||    80
  Block: Buckler           |    11 |    32 ||    43

Table legend: (Time is in decaauts)
 A = Elapsed time spent in this place.
 B = Non-inter-level travel time spent in this place.
 C = Inter-level travel time spent in this place.
 D = Time resting spent in this place.
 E = Time spent auto-exploring this place.
 F = Levels seen in this place.
 G = Mean time per level.
                   A        B        C        D        E       F      G
               +--------+--------+--------+--------+--------+-----+--------+
         Total |   4389 |   4292 |     97 |     51 |   3352 |   4 | 1097.2 |
       Dungeon |   4389 |   4292 |     97 |     51 |   3352 |   4 | 1097.2 |
               +--------+--------+--------+--------+--------+-----+--------+

Top non-repeatable levels by time:
     D:3: 1486 daAuts
     D:2: 1108 daAuts
     D:1: 1062 daAuts
     D:4: 733 daAuts
